 Dungeon Crawl Stone Soup version 0.27-a0-899-ge2d0b17c59 (webtiles) character file.

Game seed: 5038737127909257619

19 spiderkeys the Bolt Thrower (level 2, 0/17 HPs)
             Began as a Kobold Hunter on Apr 6, 2021.
             Killed from afar by Natasha (6 damage)
             ... with a magic dart
             ... on level 2 of the Dungeon.
             The game lasted 00:02:06 (1471 turns).

spiderkeys the Bolt Thrower (Kobold Hunter)         Turns: 1471, Time: 00:02:06

Health: 0/17       AC:  4    Str:  9    XL:     2   Next: 95%
Magic:  2/2        EV: 14    Int: 12    God:
Gold:   50         SH:  0    Dex: 15    Spells: 1/1 levels left

rFire    . . .     SeeInvis .   a - +1 hand crossbow
rCold    . . .     Faith    .   (shield restricted)
rNeg     . . .     Spirit   .   c - +0 leather armour
rPois    .         Reflect  .   (no helmet)
rElec    .         Harm     .   (no cloak)
rCorr    .         Rampage  .   (no gloves)
Will     .....                  f - +0 pair of boots
Stlth    +++.......             (no amulet)
HPRegen  0.05/turn              (no ring)
MPRegen  0.08/turn              (no ring)

@: no status effects
A: small, no large weapons, nightstalker 3
a: no special abilities


You were on level 2 of the Dungeon.
You visited 1 branch of the dungeon, and saw 2 of its levels.

You collected 50 gold pieces.

Inventory:

Hand Weapons
 a - a +1 hand crossbow (weapon)
 b - a +0 short sword
Missiles
 d - 15 bolts (quivered ammo)
Armour
 c - a +0 leather armour (worn)
 f - a +0 pair of boots (worn)
Potions
 i - a potion of attraction {unknown}


   Skills:
 - Level 2.1 Fighting
 * Level 1.9 Short Blades
 - Level 5.0 Crossbows
 - Level 2.4 Dodging
 * Level 2.6 Stealth


You had one spell level left.
You didn't know any spells.
Your spell library was empty.

Dungeon Overview and Level Annotations

Branches:
Dungeon (2/15)

Altars:

Annotations:
D:2 Natasha


Innate Abilities, Weirdness & Mutations

You are small and have problems with some larger weapons.
You are completely attuned to the shadows.


Message History

The bat barely misses you. The bat closely misses you.
Found a whip.
You hit the bat.
You kill the bat!
No target in view!
No target in view!
HP restored.
Natasha, Servant of Life and Death comes into view.
You see here 6 gold pieces.
a - a +1 hand crossbow (weapon)
Natasha hisses angrily.
You shoot a bolt. The bolt barely misses Natasha.
Natasha stares at you and mumbles some strange words.
The magic dart hits you!
Ouch! That really hurt!
You are too injured to fight recklessly!
Fire: 19 bolts
Press: ? - help, Q - select action Shift-Dir - straight line, f/p - Natasha
Aim: Natasha (60% to hit)
You shoot a bolt. The bolt completely misses Natasha.
Fire: 18 bolts
Press: ? - help, Q - select action Shift-Dir - straight line, f/p - Natasha
Aim: Natasha (60% to hit)
You shoot a bolt. The bolt hits Natasha.
Natasha is heavily wounded.
Natasha claws you.
Fire: 17 bolts
Press: ? - help, Q - select action Shift-Dir - straight line, f/p - Natasha
Aim: Natasha (heavily wounded, 60% to hit)
You shoot a bolt. The bolt closely misses Natasha.
Natasha drinks a potion.
Natasha seems to speed up.
Fire: 16 bolts
Press: ? - help, Q - select action Shift-Dir - straight line, f/p - Natasha
Aim: Natasha (heavily wounded, fast, 60% to hit)
You shoot a bolt. The bolt hits Natasha!
Natasha is almost dead.
Natasha casts a spell.
Natasha casts a spell at you. The magic dart hits you.
You die...

.(.(.. ......
#...### #h....
#@..##>#
##.5.##.# .
#.....#.# ..
##....#.#####.##
................
###.#.###..†...)
......##..##...
.#.#.........#.
.......#.... .


You could see Natasha (fast) and a crimson imp (summoned).

Vanquished Creatures
  A dart slug (D:2)
  An endoplasm (D:1)
  A giant cockroach (D:1)
  2 hobgoblins (D:1)
  2 kobolds (D:1)
  A ball python (D:1)
  4 bats
  2 frilled lizards (D:1)
  4 rats (D:1)
18 creatures vanquished.

Notes
Turn   | Place    | Note
-------+----------+-------------------------------------------
     0 | D:1      | spiderkeys the Kobold Hunter began the quest for the Orb.
     0 | D:1      | Reached XP level 1. HP: 12/12 MP: 1/1
   559 | D:1      | Reached skill level 1 in Short Blades
   713 | D:1      | Found a faded altar of an unknown god.
   715 | D:1      | Reached XP level 2. HP: 17/17 MP: 2/2
   803 | D:1      | Reached skill level 5 in Crossbows
  1465 | D:2      | Noticed Natasha
  1471 | D:2      | Killed from afar by Natasha

Illustrated notes

Levels and vault maps discovered:
D:1:      dpeg_arrival_circle_labyrinth_c, layout_basic, basic_ecumenical_altar,
          serial_curves, eino_curves_04, eino_curves_04,
          minmay_tree_intersection, st_stairs_13
D:2:      minmay_chambers_of_twos, layout_loops_cross, uniq_natasha

Skill      XL: |  1  2 |
---------------+-------+-----
Short Blades   | 1 |  1.9
Stealth        | 2 |  2.6
Crossbows      | 5 |  5.0
Fighting       | |  2.1
Dodging        | |  2.4

Action                   || total
-------------------------++-------
Melee: Short sword       ||    46
 Fire: Hand crossbow     ||    12
  Use: Scroll            ||     3
 Stab: Sleeping          ||     9
Armor: Leather armour    ||     5
Dodge: Dodged            ||    35

Table legend: (Time is in decaauts)
 A = Elapsed time spent in this place.
 B = Non-inter-level travel time spent in this place.
 C = Inter-level travel time spent in this place.
 D = Time resting spent in this place.
 E = Time spent auto-exploring this place.
 F = Levels seen in this place.
 G = Mean time per level.
                   A        B        C        D        E       F      G
               +--------+--------+--------+--------+--------+-----+--------+
         Total |   1472 |   1440 |     32 |      0 |   1291 |   2 |  736.0 |
       Dungeon |   1472 |   1440 |     32 |      0 |   1291 |   2 |  736.0 |
               +--------+--------+--------+--------+--------+-----+--------+

Top non-repeatable levels by time:
     D:1: 1227 daAuts
     D:2: 244 daAuts
